 Dungeon Crawl Stone Soup version 0.31-a0-986-g5e6e4ef867 (webtiles) character file.

Game seed: 12194220268603643660

714 lessens the Shooter (level 7, -4/55 HPs)
             Began as a Demonspawn Hunter on Nov 6, 2023.
             Was an Initiate of Okawaru.
             Succumbed to an orc wizard's poison
             ... on level 5 of the Dungeon.
             The game lasted 00:06:57 (4777 turns).

lessens the Shooter (Demonspawn Hunter)             Turns: 4777, Time: 00:06:58

Health: -4/55      AC: 11    Str: 13    XL:     7   Next: 41%
Magic:  5/7        EV:  9    Int: 10    God:    Okawaru [......]
Gold:   284        SH:  0    Dex: 17    Spells: 6/6 levels left

rFire   . . .        b - +1 dagger (venom)
rCold   . . .        (no shield)
rNeg    . . .        k - +0 chain mail
rPois   .            j - +0 helmet
rElec   .            (no cloak)
rCorr   .            A - +0 pair of gloves
SInv    .            s - +0 pair of boots
Will    +....        m - amulet of guardian spirit
Stlth   +            (no ring)
HPRegen 0.29/turn    (no ring)
MPRegen 0.10/turn

%: guardian spirit
@: brilliant, lethally poisoned (-4 -> -22), enlightened, flying
A: claws 2, powered by death 1, sturdy frame 1, demonic magic 1
a: Renounce Religion


You were on level 5 of the Dungeon.
You worshipped Okawaru.
Okawaru was noncommittal.
You visited 2 branches of the dungeon, and saw 6 of its levels.

You collected 284 gold pieces.

Inventory:

Hand Weapons
 a - a +0 shortbow
 b - a +1 dagger of venom (weapon)
Missiles
 e - 55 stones
 f - 14 poisoned darts
 p - 5 boomerangs
 F - 3 silver javelins
Armour
 c - a +0 leather armour
 j - a +0 helmet (worn)
 k - a +0 chain mail (worn)
 s - a +0 pair of boots (worn)
 u - a scarf of harm
 A - a +0 pair of gloves (worn)
Jewellery
 m - an amulet of guardian spirit (around neck)
Wands
 y - a wand of charming (8)
Scrolls
 d - a scroll of poison {unknown}
 g - a scroll of butterflies
 i - 2 scrolls of revelation {unknown}
 l - 2 scrolls of identify {unknown}
 n - a scroll of blinking {unknown}
 t - a scroll of fog {unknown}
 v - 3 scrolls of teleportation {unknown}
 z - a scroll of immolation {unknown}
 D - a scroll of enchant weapon {unknown}
 E - a scroll of enchant armour {unknown}
Potions
 o - a potion of resistance {unknown}
 q - a potion of attraction {unknown}
 r - a potion of berserk rage {unknown}
 w - a potion of enlightenment
 x - a potion of lignification {unknown}
 B - a potion of degeneration {unknown}
 C - a potion of brilliance


   Skills:
 + Level 4.5 Fighting
 + Level 5.1 Ranged Weapons
 + Level 4.1 Dodging
 + Level 4.0 Stealth


You had 6 spell levels left.
You didn't know any spells.
Your spell library contained the following spells:

 Spells                   Type           Power      Damage    Failure   Level
 Scorch                   Fire           0%         2d5       99%         2
 Flame Wave               Conj/Fire      0%         2d4       100%        4
 Summon Cactus Giant      Summ           Unusable   N/A       N/A         6

Dungeon Overview and Level Annotations

Branches:
Dungeon (5/15) Zot: 25149  Temple (1/1) D:4 Zot: 5945

Altars:
Cheibriados
Gozag
Hepliaklqana
Kikubaaqudgha
Makhleb
Nemelex Xobeh
Okawaru
Qazlal
Ru
Sif Muna
Trog
Vehumet
Wu Jian
Xom
Yredelemnul


Innate Abilities, Weirdness & Mutations

You have very sharp fingernails.
You regenerate a little health from kills.
Your movements are slightly less encumbered by armour. (ER -2)
Spells you cast may paralyse adjacent enemies.


Message History

You feel very sick.
The orc wizard hits you but does no damage.
You are lethally poisoned!
You are too injured to fight recklessly!
You hit the orc wizard.
The orc wizard is almost dead.
You feel very sick.
The orc wizard hits you but does no damage.
You are more poisoned.
You closely miss the orc wizard.
The orc wizard is almost dead.
* * * LOW HITPOINT WARNING * * *
You feel extremely sick.
The orc wizard hits you but does no damage.
You are more poisoned.
You hit the orc wizard.
The orc wizard is poisoned.
The orc wizard is almost dead.
* * * LOW HITPOINT WARNING * * *
You feel extremely sick.
The orc wizard hits you with a +0 dagger of venom.
You feel better.
The orc wizard hits you with a +0 dagger of venom.
* * * LOW HITPOINT WARNING * * *
You are lethally poisoned!
You closely miss the orc wizard.
The orc wizard is almost dead.
* * * LOW HITPOINT WARNING * * *
You feel very sick.
The orc wizard hits you with a +0 dagger of venom.
* * * LOW HITPOINT WARNING * * *
You are more poisoned.
You hit the orc wizard.
You kill the orc wizard!
Okawaru accepts your kill.
* * * LOW HITPOINT WARNING * * *
You feel very sick.
Your Stealth skill increases to level 4!
It was a potion of brilliance.
You feel clever all of a sudden.
You die...

#.##### #..[..# #####.#
#.# #.# #.# #.# #.#
########5####
######>#####....@ooo....
...........#.######.....
######.......# ###
#####.### #.#
#.########.5
#...........
##########..


You could see an ufetubus and 3 orcs.

Vanquished Creatures
  Sigmund (D:4)
  A centaur (D:5)
  A scorpion (D:5)
  2 hounds (D:4)
  An orc priest (D:3)
  2 iguanas
  An orc wizard (D:5)
  Robin (D:2)
  3 gnolls (D:2)
  9 adders
  An ufetubus (D:5)
  2 worms
  8 orcs
  13 endoplasms
  2 giant cockroaches
  13 hobgoblins
  3 quokkas (D:1)
  12 ball pythons
  8 bats
  3 frilled lizards
  19 goblins
  8 kobolds
  4 rats
118 creatures vanquished.

Vanquished Creatures (others)
  An orc wizard (D:5)
1 creature vanquished.

Grand Total: 119 creatures vanquished

Notes
Turn   | Place    | Note
-------+----------+-------------------------------------------
     0 | D:1      | lessens the Demonspawn Hunter began the quest for the Orb.
     0 | D:1      | Reached XP level 1. HP: 16/16 MP: 1/1
    48 | D:1      | You fall into a shaft and drop 1 floor!
    66 | D:2      | Reached skill level 1 in Stealth
    72 | D:2      | Gained mutation: Your movements are slightly less
                  | encumbered by armour. (ER -2) [demonic ancestry]
    72 | D:2      | Reached XP level 2. HP: 21/22 MP: 2/2
   252 | D:1      | Gained mutation: You have sharp fingernails. [demonic
                  | ancestry]
   252 | D:1      | Reached XP level 3. HP: 28/28 MP: 3/3
   335 | D:1      | Found a faded altar of an unknown god.
   958 | D:2      | Noticed Robin
  1161 | D:2      | Reached skill level 4 in Ranged Weapons
  1189 | D:2      | Gained mutation: Spells you cast may paralyse adjacent
                  | enemies. [demonic ancestry]
  1189 | D:2      | Reached XP level 4. HP: 31/34 MP: 4/4
  1237 | D:2      | Killed Robin
  2494 | D:3      | Gained mutation: You have very sharp fingernails. [demonic
                  | ancestry]
  2494 | D:3      | Reached XP level 5. HP: 41/41 MP: 5/5
  3120 | D:3      | Found a basalt altar of Yredelemnul.
  3836 | D:4      | Gained mutation: You regenerate a little health from kills.
                  | [demonic ancestry]
  3836 | D:4      | Reached XP level 6. HP: 46/47 MP: 6/6
  3855 | D:4      | Found a snail-covered altar of Cheibriados.
  4152 | D:4      | Noticed Sigmund
  4165 | D:4      | Killed Sigmund
  4181 | D:4      | Reached XP level 7. HP: 52/54 MP: 7/7
  4231 | D:4      | Found a burning altar of Makhleb.
  4233 | D:4      | Found an opulent altar of Gozag.
  4236 | D:4      | Found a radiant altar of Vehumet.
  4241 | D:4      | Found an ornate altar of the Wu Jian Council.
  4492 | D:4      | Found a staircase to the Ecumenical Temple.
  4523 | Temple   | Entered the Ecumenical Temple
  4550 | Temple   | Became a worshipper of Warmaster Okawaru
  4605 | D:5      | Entered Level 5 of the Dungeon
  4752 | D:5      | Reached skill level 5 in Ranged Weapons
  4776 | D:5      | HP: 1/55 [poisoned by an orc wizard]
  4777 | D:5      | Succumbed to an orc wizard's poison

Illustrated notes

Levels and vault maps discovered:
D:1:      eino_arrival_druids_welcome, layout_basic,
          shapermc_ecumenical_altar_petra
D:2:      layout_basic, uniq_robin
D:3:      minmay_chambers_of_twos, layout_basic, kennysheep_ying_yang
D:4:      layout_cave_pools, nicolae_overflow_macrodata_refinement,
          chequers_temple_overflow_statue_of_worship, lemuel_temple_firewalk_a,
          hangedman_abyss_or_decor_slice, uniq_sigmund
D:5:      layout_loops_ring, mainiacjoe_overflow_two_lobes,
          gup_sewer_entry_pipe, uniq_menkaure
Temple:   dpeg_chambers_temple

Skill      XL: |  1  2  3  4  5  6  7 |
---------------+----------------------+-----
Stealth        | 1 2 3 4 |  4.0
Dodging        | 2 3 4 |  4.1
Ranged Weapons | 4 5 |  5.1
Fighting       | 3 4 |  4.5

Action                     |  1- 3 |  4- 6 |  7- 9 || total
---------------------------+-------+-------+-------++-------
  Melee: Dagger            |    32 |    88 |    23 ||   143
         Punch             |     1 |     3 |       ||     4
   Fire: Shortbow          |    95 |   191 |    17 ||   303
    Use: Potion            |       |       |     4 ||     4
 Armour: Leather armour    |    19 |       |       ||    19
         Chain mail        |    38 |   158 |    40 ||   236
  Dodge: Dodged            |    31 |    87 |    15 ||   133

Table legend: (Time is in decaauts)
 A = Elapsed time spent in this place.
 B = Non-inter-level travel time spent in this place.
 C = Inter-level travel time spent in this place.
 D = Time resting spent in this place.
 E = Time spent auto-exploring this place.
 F = Levels seen in this place.
 G = Mean time per level.
                   A        B        C        D        E       F      G
               +--------+--------+--------+--------+--------+-----+--------+
         Total |   4905 |   4612 |    293 |     95 |   3449 |   6 |  817.5 |
       Dungeon |   4850 |   4607 |    243 |     95 |   3449 |   5 |  970.0 |
        Temple |     54 |      4 |     50 |      0 |      0 |   1 |   54.0 |
               +--------+--------+--------+--------+--------+-----+--------+

Top non-repeatable levels by time:
     D:2: 1408 daAuts
     D:3: 1360 daAuts
     D:1: 1098 daAuts
     D:4: 811 daAuts
     D:5: 172 daAuts
  Temple: 54 daAuts

Levels and vault maps discovered:
D:1:      eino_arrival_druids_welcome, layout_basic,
          shapermc_ecumenical_altar_petra
D:2:      layout_basic, uniq_robin
D:3:      minmay_chambers_of_twos, layout_basic, kennysheep_ying_yang
D:4:      layout_cave_pools, nicolae_overflow_macrodata_refinement,
          chequers_temple_overflow_statue_of_worship, lemuel_temple_firewalk_a,
          hangedman_abyss_or_decor_slice, uniq_sigmund
D:5:      layout_loops_ring, mainiacjoe_overflow_two_lobes,
          gup_sewer_entry_pipe, uniq_menkaure
Temple:   dpeg_chambers_temple
